 Dungeon Sprint DCSS version 0.30-a0-996-ga6910c8ee8 (webtiles) character file.

Game seed: 14409657837652760619

36 DiggyJ the Ruffian (level 3, -1/39 HPs)
             Began as a Troll Berserker on Apr 5, 2023.
             Was a Believer of Trog.
             Slain by a water elemental (5 damage)
             ... in the Dungeon (Sprint III: "The Ten Rune Challenge").
             The game lasted 00:01:39 (126 turns).

DiggyJ the Ruffian (Troll Berserker)                 Turns: 126, Time: 00:01:41

Health: -1/39      AC:  4    Str: 27    XL:     3   Next: 19%
Magic:  2/2        EV: 10    Int:  3    God:    Trog [**....]
Gold:   15         SH:  0    Dex:  9    Spells: 2/2 levels left

rFire   . . .      SeeInvis .      - Unarmed
rCold   . . .      Faith    .    (no shield)
rNeg    . . .      Spirit   .    a - +0 animal skin
rPois   .          Reflect  .    (helmet restricted)
rElec   .          Rampage  .    (no cloak)
rCorr   .          NoTele   +    (gloves unavailable)
Will    .....                    (boots unavailable)
Stlth   +                        (no amulet)
HPRegen 1.06/turn                (no ring)
MPRegen 0.08/turn                (no ring)

@: engulfed (cannot breathe)
A: large, unfitting armour, claws 3, regeneration 1, shaggy fur 1, tough skin 1,
hooves 1
a: Renounce Religion, Berserk, Trog's Hand


You were in the Dungeon.
You worshipped Trog.
Trog was pleased with you.
You visited 1 branch You collected 15 gold pieces.

Inventory:

Armour
 a - a +0 animal skin (worn)
Scrolls
 g - a scroll of blinking
 i - 2 scrolls of identify {unknown}
 j - a scroll of poison {unknown}
 k - a scroll of torment {unknown}
 l - a scroll of vulnerability {unknown}
Potions
 b - a potion of curing
 c - 2 potions of heal wounds
 d - a potion of haste
 e - 2 potions of magic
 f - a potion of berserk rage
 h - 2 potions of resistance {unknown}
 m - 2 potions of flight


   Skills:
 + Level 3.8 Fighting
 + Level 3.9 Dodging
 + Level 4.8 Unarmed Combat


You had 2 spell levels left.
You didn't know any spells.
Your spell library was empty.

Dungeon Overview and Level Annotations

Branches:
Dungeon (1/1)

Altars:


Innate Abilities, Weirdness & Mutations

You are too large for most types of armour.
You have claws for hands.
Your natural rate of healing is unusually fast.
You are covered in fur. (AC +1)
You have tough skin. (AC +1)
You have large cloven feet.


Message History

You occasionally lose the ability to read scrolls when taking damage.
Really quaff the potion of mutation?
You feel extremely strange.
Your talons dull and shrink into feet.
You no longer become unable to read scrolls after taking damage.
Your toenails lengthen and sharpen.
Really quaff the potion of mutation?
You feel extremely strange.
You feel less resistant to poisons.
Your talons dull and shrink into feet.
Your feet thicken and deform.
There is an open door here.
You enter the shallow water.
You enter the shallow water.
You open the door.
A water elemental comes into view.
The water elemental hits you!!
The water elemental engulfs you in water!
There is an open door to the Ecumenical Temple, spattered with blood here.
Okay, then.
You scratch the water elemental.
The water elemental is lightly damaged.
Your lungs strain for air!
The water elemental closely misses you.
You barely miss the water elemental.
The water elemental is lightly damaged.
Your lungs strain for air!
The water elemental closely misses you.
You claw the water elemental!
You kick the water elemental, but do no damage.
The water elemental is severely damaged.
* * * LOW HITPOINT WARNING * * *
Your lungs strain for air!
The water elemental closely misses you.
You closely miss the water elemental.
You kick the water elemental, but do no damage.
The water elemental is severely damaged.
* * * LOW HITPOINT WARNING * * *
Your lungs strain for air!
The water elemental hits you.
You die...

▓▓▓▓▓▓▓▓▓▓▓ ▓▓▓
.#..'.....♣ ♣.#
.#..#.....♣ ♣♣.#
'####....♣♣ ♣..#
.†..#....~♣♣♣♣..###+#+##
....#...~~.♣♣...#.......
....#..~~~~.♣.♣.@.⌠.....
###'#..~≈≈~~~...#E..####
...†#.~~≈~~~....#.⌠.#
....#.~≈~~~.....#...#
....#.~~~.......#+###
#####...........#
................#
▓▓▓▓▓▓▓▓▓▓▓▓▓▓▓▓▓


You could see a water elemental.

Vanquished Creatures
  A human (D)
  A wolf (D)
  An endoplasm (D)
  3 rats (D)
6 creatures vanquished.

Notes
Turn   | Place    | Note
-------+----------+-------------------------------------------
     0 | D        | DiggyJ the Troll Berserker began the quest for the Orb.
     0 | D        | Reached XP level 1. HP: 22/22 MP: 0/0
    17 | D        | Reached ** piety under Trog
    52 | D        | Reached skill level 4 in Unarmed Combat
    52 | D        | Reached XP level 2. HP: 21/31 MP: 1/1
    80 | D        | Reached XP level 3. HP: 14/39 MP: 2/2
   100 | D        | Gained mutation: You are vulnerable to heat. (rF-) [potion
                  | of mutation]
   100 | D        | Gained mutation: You are agile. (Dex +4, Str/Int -1)
                  | [potion of mutation]
   101 | D        | Lost mutation: You are agile. (Dex +4, Str/Int -1) [potion
                  | of mutation]
   101 | D        | Lost mutation: You are vulnerable to heat. (rF-) [potion of
                  | mutation]
   101 | D        | Gained mutation: You have a pair of small antennae on your
                  | head. [potion of mutation]
   101 | D        | Gained mutation: You possess an exceptional clarity of
                  | mind. [potion of mutation]
   101 | D        | Gained mutation: Your system is resistant to poisons.
                  | (rPois) [potion of mutation]
   101 | D        | Gained mutation: You have a pair of antennae on your head.
                  | [potion of mutation]
   102 | D        | Lost mutation: You have a pair of antennae on your head.
                  | [potion of mutation]
   102 | D        | Lost mutation: You possess an exceptional clarity of mind.
                  | [potion of mutation]
   102 | D        | Lost mutation: You have a pair of small antennae on your
                  | head. [potion of mutation]
   102 | D        | Gained mutation: You are robust. (+10% HP) [potion of
                  | mutation]
   102 | D        | Gained mutation: You are clumsy. (Dex -2) [potion of
                  | mutation]
   102 | D        | Gained mutation: You are vulnerable to cold. (rC-) [potion
                  | of mutation]
   102 | D        | Gained mutation: You have sharp toenails. [potion of
                  | mutation]
   103 | D        | Lost mutation: You are vulnerable to cold. (rC-) [potion of
                  | mutation]
   103 | D        | Lost mutation: You are robust. (+10% HP) [potion of
                  | mutation]
   103 | D        | Lost mutation: You are clumsy. (Dex -2) [potion of
                  | mutation]
   103 | D        | Gained mutation: You occasionally lose the ability to read
                  | scrolls when taking damage. [potion of mutation]
   104 | D        | Lost mutation: You have sharp toenails. [potion of
                  | mutation]
   104 | D        | Lost mutation: You occasionally lose the ability to read
                  | scrolls when taking damage. [potion of mutation]
   104 | D        | Gained mutation: You have sharp toenails. [potion of
                  | mutation]
   105 | D        | Lost mutation: Your system is resistant to poisons. (rPois)
                  | [potion of mutation]
   105 | D        | Lost mutation: You have sharp toenails. [potion of
                  | mutation]
   105 | D        | Gained mutation: You have large cloven feet. [potion of
                  | mutation]
   121 | D        | Noticed a water elemental
   126 | D        | Slain by a water elemental

Illustrated notes

Levels and vault maps discovered:
D:        dungeon_sprint_mu [sprint_mu_entry_forest, sprint_mu_temple_rooms,
          sprint_mu_d1_horrors, sprint_mu_d2_genie, sprint_mu_d3_branching,
          sprint_mu_orc_legion, sprint_mu_elf_gauntlet, sprint_mu_hive_nellie,
          sprint_mu_lair_fedhas, sprint_mu_vaults_butterflies,
          sprint_mu_slime_circle, sprint_mu_swamp_cave, sprint_mu_shoals_archi,
          sprint_mu_blade_basic, sprint_mu_crypt_chambers,
          sprint_mu_tomb_spiral, sprint_mu_vestibule_basic,
          sprint_mu_gehenna_hellfire, sprint_mu_dis_giant,
          sprint_mu_tartarus_statrot, sprint_mu_cocytus_islands, sprint_mu_zot1]

Skill      XL: |  1 |
---------------+----+-----
Fighting       | 3 |  3.8
Dodging        | 3 |  3.9
Unarmed Combat | 4 |  4.8

Action                     || total
---------------------------++-------
  Melee: Unarmed           ||    25
         Kick              ||     2
    Use: Potion            ||     6
 Armour: Animal skin       ||     5
  Dodge: Dodged            ||    16

Table legend: (Time is in decaauts)
 A = Elapsed time spent in this place.
 B = Non-inter-level travel time spent in this place.
 C = Inter-level travel time spent in this place.
 D = Time resting spent in this place.
 E = Time spent auto-exploring this place.
 F = Levels seen in this place.
 G = Mean time per level.
                   A        B        C        D        E       F      G
               +--------+--------+--------+--------+--------+-----+--------+
         Total |    124 |    113 |     11 |     10 |      0 |   1 |  124.0 |
       Dungeon |    124 |    113 |     11 |     10 |      0 |   1 |  124.0 |
               +--------+--------+--------+--------+--------+-----+--------+

Top non-repeatable levels by time:
       D: 124 daAuts
